 Dungeon Crawl Stone Soup version 0.14-a0-2542-g51e44bb (console) character file.

34 Garrluk the Firebug (level 1, -1/10 HPs)
             Began as a Deep Elf Fire Elementalist on Feb 10, 2014.
             Slain by a giant gecko (5 damage)
             ... on Level 1 of the Dungeon.
             The game lasted 00:00:28 (66 turns).

Garrluk the Firebug (Deep Elf Fire Elementalist)      Turns: 66, Time: 00:00:28

HP  -1/10        AC  2     Str  5      XL: 1   Next: 25%
MP   0/5         EV 13     Int 19      God:
Gold 32          SH  0     Dex 15      Spells:  1 memorised,  5 levels left

rFire  . . .     SeeInvis .     e - +0,+1 dwarf dagger
rCold  . . .     Clarity  .     a - +0 elf robe
rNeg   . . .     Conserve .     (no shield)
rPois  .         rCorr    .     (no helmet)
rElec  .         rRot     .     (no cloak)
SustAb . .       Spirit   .     (no gloves)
rMut   .         Warding  .     (no boots)
Saprov . . .     Stasis   .     (no amulet)
MR     .....                    (no ring)
                                (no ring)

@: not resistant to hostile enchantments, fairly stealthy
A: no striking features
a: no special abilities


You were on level 1 of the Dungeon.
You were not hungry.

You visited 1 branch of the dungeon, and saw 1 of its levels.

You collected 32 gold pieces.

Notes
Turn   | Place    | Note
--------------------------------------------------------------
     0 | D:1      | Garrluk, the Deep Elf Fire Elementalist, began the quest for the Orb.
     0 | D:1      | Reached XP level 1. HP: 10/10 MP: 5/5
    66 | D:1      | Slain by a giant gecko

Inventory:

Hand weapons
 e - a +0,+1 dwarven dagger (weapon)
   (You took it off a goblin on level 1 of the Dungeon)
Armour
 a - a +0 elven robe (worn)
Comestibles
 c - a bread ration
Scrolls
 d - a scroll of random uselessness {unknown}
Books
 b - a book of Flames

   Spells                             Type                      Level
   *Flame Tongue                      Conjuration/Fire             1
   Throw Flame                        Conjuration/Fire             2
   Conjure Flame                      Conjuration/Fire             3
   Inner Flame                        Hexes/Fire                   3
   Sticky Flame                       Conjuration/Fire             4
   Fireball                           Conjuration/Fire             5

Table legend:
 A = Turns spent in this place as a percentage of turns spent in the entire game.
 B = Non-inter-level travel turns spent in this place as a percentage of non-inter-level travel turns spent in the entire game.
 C = Inter-level travel turns spent in this place as a percentage of turns spent in this place.
 D = Turns resting spent in this place as a percentage of non-inter-level travel turns spent in this place.
 E = Turns spent auto-exploring this place as a percentage of non-inter-level travel turns spent in this place.
 F = Non-inter-level travel turns spent in this place divided by the number of levels of this place that you've seen.
                   A       B       C       D       E      F
               +-------+-------+-------+-------+-------+----------------------
         Total | 100.0 | 100.0 |   0.0 |  11.4 |   5.7 |  35.0
       Dungeon | 100.0 | 100.0 |   0.0 |  11.4 |   5.7 |  35.0
               +-------+-------+-------+-------+-------+----------------------


   Skills:
 - Level 2.4 Dodging
 - Level 2.4 Stealth
 + Level 3.0 Spellcasting
 * Level 1.3 Conjurations
 + Level 3.3 Fire Magic


You had 5 spell levels left.
You knew the following spells:

 Your Spells              Type           Power        Failure   Level  Hunger
a - Flame Tongue          Conj/Fire      ##...        8%          1    None


Dungeon Overview and Level Annotations

Branches:
Dungeon (1/16)

Altars:


Message History

The giant gecko is heavily wounded.
The giant gecko barely misses you.
You hit the giant gecko but do no damage.
The giant gecko is heavily wounded.
The giant gecko bites you.
You closely miss the giant gecko.
The giant gecko is heavily wounded.
The giant gecko closely misses you.
You see here a goblin corpse.
Your magical contamination has completely faded away.
The giant gecko closely misses you.
Casting: Flame Tongue
Confirm with . or Enter, or press ? or * to list all spells.
Aiming: Flame Tongue
Press: ? - help, Shift-Dir - straight line, f/p - giant gecko
Aim: a giant gecko (moderately wounded)
The flame misses the giant gecko.
The giant gecko closely misses you. The giant gecko bites you.
Ouch! That really hurt!
You die...

#≈.......≈≈# #≈.........#
#≈≈...<....##. . ..
#≈≈....(......##.#
#.###..........# #.#
#......######### #.# .#
#......###...# #.# .#
##......##....#####.# .# .
.....>...............##.##...
................l...........
...............@............
.#.#.#..###########%..>####
#.#.#..# #....# #.#..# #....#
#..# #....# ...# ####.# ....
.# .... .. . ##


You could see a giant gecko.

Table legend:
 A = Kills in this place as a percentage of kills in entire the game.
 B = Kills by you in this place as a percentage of kills by you in the entire game.
 C = Kills by friends in this place as a percentage of kills by friends in the entire game.
 D = Other kills in this place as a percentage of other kills in the entire game.
 E = Experience gained in this place as a percentage of experience gained in the entire game.
 F = Experience gained in this place divided by the number of levels of this place that you have seen.
                   A       B       C       D       E      F
               +-------+-------+-------+-------+-------+----------------------
         Total | 100.0 | 100.0 |  -nan |  -nan | 100.0 |   3.0
       Dungeon | 100.0 | 100.0 |  -nan |  -nan | 100.0 |   3.0
               +-------+-------+-------+-------+-------+----------------------

Vanquished Creatures
  Monster Symbol All 'g'
  A goblin (D:1)
1 creature vanquished. All 'l' A giant newt (D:1)
1 creature vanquished.
2 creatures vanquished. Monster Nature Natural Monsters A goblin (D:1) A giant newt (D:1)
2 creatures vanquished.
2 creatures vanquished. Ascending Order A goblin (D:1) A giant newt (D:1)
2 creatures vanquished.

Action                   || total
-------------------------++-------
Melee: Dagger            ||     3
 Cast: Flame Tongue      ||     8
